 Dungeon Crawl Stone Soup version 0.28.0-53-g5a82cb258f (webtiles) character file.

Game seed: 5971782240860444398

644 MisterFreud the Covert (level 7, -7/60 HPs)
             Began as a Gnoll Delver on July 20, 2022.
             Was a Believer of Wu Jian.
             Mangled by Menkaure (15 damage)
             ... on level 4 of the Dungeon.
             The game lasted 00:05:41 (3781 turns).

MisterFreud the Covert (Gnoll Delver)               Turns: 3781, Time: 00:05:42

Health: -7/60      AC: 10    Str: 11    XL:     7   Next: 52%
Magic:  10/10      EV: 13    Int: 12    God:    Wu Jian [**....]
Gold:   122        SH:  0    Dex: 13    Spells: 11/11 levels left

rFire   . . .      SeeInvis +   a - +0 short sword
rCold   . . .      Faith    .   (no shield)
rNeg    . . .      Spirit   .   b - +0 leather armour
rPois   .          Reflect  .   (no helmet)
rElec   .          Harm     .   k - +0 cloak
rCorr   .          Rampage  .   (no gloves)
Will    .....                   (no boots)
Stlth   ++++......              (no amulet)
HPRegen 0.20/turn               h - +4 ring of protection
MPRegen 0.12/turn               (no ring)

@: unable to read
A: fangs 1, strong nose, distributed training, hooves 1, iridescent scales 1,
see invisible, inability to read while threatened
a: Renounce Religion, Wall Jump


You were on level 4 of the Dungeon.
You worshipped Wu Jian.
Wu Jian was pleased with you.
You visited 1 branch of the dungeon, and saw 6 of its levels.

You collected 122 gold pieces.

Inventory:

Hand Weapons
 a - a +0 short sword (weapon)
 p - a +1 quarterstaff of draining
Missiles
 s - 6 poisoned darts (quivered)
Armour
 b - a +0 leather armour (worn)
 k - a +0 cloak (worn)
 q - a scarf of repulsion
Jewellery
 h - a +4 ring of protection (left hand)
 m - a ring of fire
 u - a ring of fire
Wands
 g - a wand of digging (9)
Scrolls
 c - 2 scrolls of fog
 d - a scroll of magic mapping
 e - a scroll of fear
 i - 2 scrolls of identify
 j - 3 scrolls of brand weapon
Potions
 f - a potion of haste
 n - a potion of mutation


   Skills:
 + Level 7.0 Fighting
 + Level 5.2 Short Blades
 + Level 2.5 Long Blades
 + Level 2.5 Axes
 + Level 2.5 Maces & Flails
 + Level 2.5 Polearms
 + Level 2.5 Staves
 + Level 2.5 Slings
 + Level 2.5 Bows
 + Level 2.5 Crossbows
 + Level 2.5 Throwing
 + Level 2.5 Armour
 + Level 5.2 Dodging
 + Level 9.9 Stealth
 + Level 2.5 Shields
 + Level 2.5 Unarmed Combat
 + Level 2.5 Spellcasting
 + Level 2.0 Conjurations
 + Level 2.0 Hexes
 + Level 2.0 Summonings
 + Level 2.0 Necromancy
 + Level 2.0 Translocations
 + Level 2.0 Transmutations
 + Level 2.0 Fire Magic
 + Level 2.0 Ice Magic
 + Level 2.0 Air Magic
 + Level 2.0 Earth Magic
 + Level 2.0 Poison Magic
 + Level 2.8 Invocations
 + Level 2.5 Evocations


You had 11 spell levels left.
You didn't know any spells.
Your spell library contained the following spells:

 Spells                   Type           Power      Damage    Failure   Level
 Apportation              Tloc           12%        N/A       14%         1
 Ensorcelled Hibernation  Hex/Ice        12%        N/A       22%         2
 Passwall                 Tmut/Erth      5%         N/A       22%         2
 Portal Projectile        Hex/Tloc       12%        N/A       41%         3
 Swiftness                Air            6%         N/A       41%         3
 Alistair's Intoxication  Tmut/Pois      4%         N/A       99%         5
 Blade Hands              Tmut           3%         N/A       99%         5
 Excruciating Wounds      Necr           3%         N/A       99%         5


Dungeon Overview and Level Annotations

Branches:
Dungeon (6/15)
 Temple: D:4-7

Altars:
Kikubaaqudgha
Wu Jian

Annotations:
D:4 Menkaure


Innate Abilities, Weirdness & Mutations

You have very sharp teeth.
Your uncanny sense of smell can sniff out nearby items.
Your experience applies equally to all skills.
You have large cloven feet.
You are partially covered in iridescent scales. (AC +2)
You have supernaturally acute eyesight. (SInv)
You sometimes lose the ability to read scrolls when taking damage.


Message History

There is an open door here.
Menkaure, Prince of Dust comes into view.
Menkaure is nearby!
Found 4 gold pieces.
Menkaure shouts!
Menkaure calls on the powers of darkness!
Your body is wracked with pain!
Menkaure closely misses you.
You hit Menkaure. You punch Menkaure. You bite Menkaure, but do no damage.
Menkaure is moderately damaged.
You barely miss Menkaure. You kick Menkaure.
Menkaure is heavily damaged.
Menkaure mumbles some strange words.
Menkaure seems to speed up.
You hit Menkaure. You kick Menkaure, but do no damage.
Menkaure is severely damaged.
Menkaure misses you.
You hit Menkaure but do no damage. Your kick misses Menkaure.
Menkaure is severely damaged.
Menkaure hits you.
You feel threatened and lose the ability to read scrolls!
You closely miss Menkaure.
Menkaure is severely damaged.
Menkaure hits you!
* * * LOW HITPOINT WARNING * * *
You hit Menkaure. You bite Menkaure, but do no damage.
Menkaure is almost destroyed.
Menkaure calls on the powers of darkness!
Your body is wracked with pain!
* * * LOW HITPOINT WARNING * * *
Unknown command.
Unknown command.
Unknown command.
Unknown command.
Okay, then.
You hit Menkaure but do no damage. Your kick misses Menkaure.
You bite Menkaure, but do no damage.
Menkaure is almost destroyed.
Menkaure hits you!
You die...

..# ..# ..# ..##
...# ##########
#### .........##
.# ...$......#
.# ......M...#
.# .......@..#
.# ..........#
.# ..........#
#####
....##...#######
##..# ...
##...##....#
....# ..
#...?+.....#
....# .
#....#.....#
....#
#....#.....#
....#
#....#.....#


You could see Menkaure (fast).

Vanquished Creatures
  Grinder (D:4)
  Pargi (D:4)
  2 phantoms (D:4)
  A scorpion (D:4)
  An iguana (D:3)
  A gnoll (D:4)
  3 adders
  4 worms
  A dart slug (D:4)
  An orc (D:4)
  4 ball pythons (D:1)
  5 bats
  7 endoplasms
  2 giant cockroaches
  9 goblins
  6 hobgoblins
  5 jackals
  11 kobolds
  4 quokkas
  6 frilled lizards
  8 rats
83 creatures vanquished.

Notes
Turn   | Place    | Note
-------+----------+-------------------------------------------
     0 | D:5      | Reached skill level 9 in Stealth
     0 | D:5      | MisterFreud the Gnoll Delver began the quest for the Orb.
     0 | D:5      | Reached XP level 1. HP: 23/23 MP: 1/1
     1 | D:6      | Noticed a kobold brigand
    78 | D:4      | Noticed a phantom
    81 | D:4      | Killed a phantom
    82 | D:4      | Reached skill level 1 in Long Blades
    82 | D:4      | Reached skill level 1 in Axes
    82 | D:4      | Reached skill level 1 in Maces & Flails
    82 | D:4      | Reached skill level 1 in Polearms
    82 | D:4      | Reached skill level 1 in Staves
    82 | D:4      | Reached skill level 1 in Slings
    82 | D:4      | Reached skill level 1 in Bows
    82 | D:4      | Reached skill level 1 in Crossbows
    82 | D:4      | Reached skill level 1 in Throwing
    82 | D:4      | Reached skill level 1 in Armour
    82 | D:4      | Reached skill level 1 in Shields
    82 | D:4      | Reached skill level 1 in Unarmed Combat
    82 | D:4      | Reached skill level 1 in Spellcasting
    82 | D:4      | Reached skill level 1 in Invocations
    82 | D:4      | Reached skill level 1 in Evocations
    82 | D:4      | Reached XP level 2. HP: 5/29 MP: 1/3
    82 | D:4      | Reached XP level 3. HP: 7/35 MP: 1/4
    82 | D:4      | Reached XP level 4. HP: 8/41 MP: 1/5
   336 | D:4      | Reached skill level 1 in Conjurations
   336 | D:4      | Reached skill level 1 in Hexes
   336 | D:4      | Reached skill level 1 in Summonings
   336 | D:4      | Reached skill level 1 in Necromancy
   336 | D:4      | Reached skill level 1 in Translocations
   336 | D:4      | Reached skill level 1 in Transmutations
   336 | D:4      | Reached skill level 1 in Fire Magic
   336 | D:4      | Reached skill level 1 in Ice Magic
   336 | D:4      | Reached skill level 1 in Air Magic
   336 | D:4      | Reached skill level 1 in Earth Magic
   336 | D:4      | Reached skill level 1 in Poison Magic
   359 | D:4      | Noticed a phantom
   612 | D:2      | Found an ancient bone altar of Kikubaaqudgha.
   819 | D:1      | Reached XP level 5. HP: 47/47 MP: 6/6
  1491 | D:1      | Found a faded altar of an unknown god.
  1521 | D:1      | Prayed at the altar of an unknown god.
  1521 | D:1      | Became a worshipper of the Wu Jian Council
  1521 | D:1      | Reached * piety under Wu Jian
  2623 | D:4      | Reached XP level 6. HP: 34/53 MP: 8/8
  2847 | D:4      | Noticed Grinder
  2862 | D:4      | Paralysed by Grinder for 7 turns
  2874 | D:4      | Killed Grinder
  2875 | D:4      | Reached skill level 5 in Short Blades
  2875 | D:4      | Reached skill level 5 in Dodging
  3114 | D:4      | Noticed Pargi
  3146 | D:4      | Gained mutation: You sometimes lose the ability to read
                  | scrolls when taking damage. [potion of mutation]
  3146 | D:4      | Gained mutation: You have supernaturally acute eyesight.
                  | (SInv) [potion of mutation]
  3146 | D:4      | Gained mutation: You have large cloven feet. [potion of
                  | mutation]
  3146 | D:4      | Gained mutation: You are partially covered in iridescent
                  | scales. (AC +2) [potion of mutation]
  3153 | D:4      | Killed Pargi
  3154 | D:4      | Reached XP level 7. HP: 13/60 MP: 10/10
  3630 | D:4      | Reached ** piety under Wu Jian
  3768 | D:4      | Noticed Menkaure
  3781 | D:4      | Mangled by Menkaure

Illustrated notes

Levels and vault maps discovered:
D:1:      roderic_octagonal_star, layout_loops_cross,
          shapermc_ecumenical_altar_mp_vishouse, dk_noncrumbling_4,
          minmay_3d_cube
D:2:      layout_basic, basic_altar
D:3:      layout_rooms, minmay_misc_feat_hallway
D:4:      layout_gridville, uniq_menkaure, uniq_grinder, uniq_pargi
D:5:      layout_layer_cave, vehumet_statue,
          mainiacjoe_overflow_six_doors_small, minmay_temple_entry_grid,
          uniq_eustachio, uniq_ijyb
D:6:      layout_rooms, mainiacjoe_overflow_concentric_impassable,
          minmay_liquid_box, glass_columns_a, minmay_hedge_maze, uniq_duvessa

Skill      XL: |  1  2  3  4  5  6  7 |
---------------+----------------------+-----
Stealth        | |  9.9
Long Blades    | 1 2 |  2.5
Axes           | 1 2 |  2.5
Maces & Flails | 1 2 |  2.5
Polearms       | 1 2 |  2.5
Staves         | 1 2 |  2.5
Slings         | 1 2 |  2.5
Bows           | 1 2 |  2.5
Crossbows      | 1 2 |  2.5
Throwing       | 1 2 |  2.5
Armour         | 1 2 |  2.5
Shields        | 1 2 |  2.5
Unarmed Combat | 1 2 |  2.5
Spellcasting   | 1 2 |  2.5
Invocations    | 1 2 |  2.8
Evocations     | 1 2 |  2.5
Conjurations   | 1 2 |  2.0
Hexes          | 1 2 |  2.0
Summonings     | 1 2 |  2.0
Necromancy     | 1 2 |  2.0
Translocations | 1 2 |  2.0
Transmutations | 1 2 |  2.0
Fire Magic     | 1 2 |  2.0
Ice Magic      | 1 2 |  2.0
Air Magic      | 1 2 |  2.0
Earth Magic    | 1 2 |  2.0
Poison Magic   | 1 2 |  2.0
Short Blades   | 5 |  5.2
Dodging        | 5 |  5.2
Fighting       | 7 |  7.0

Action                   |  1- 3 |  4- 6 |  7- 9 || total
-------------------------+-------+-------+-------++-------
Melee: Short sword       |     5 |   273 |    52 ||   330
       Bite              |       |    16 |     7 ||    23
       Punch             |       |     2 |     2 ||     4
       Kick              |       |     3 |     9 ||    12
Throw: Boomerang         |       |     3 |       ||     3
Invok: Lunge             |       |    10 |     2 ||    12
       Whirlwind         |       |     2 |       ||     2
  Use: Scroll            |       |     4 |       ||     4
       Potion            |       |     4 |       ||     4
 Stab: Sleeping          |     2 |    29 |       ||    31
Armor: Leather armour    |       |    75 |    16 ||    91
Dodge: Dodged            |     3 |   133 |    20 ||   156
